 Dungeon Crawl Stone Soup version 0.30-a0-385-gfebfb9b408 (webtiles) character file.

Game seed: 8130401865831205032

6325 bande the Cleaver (level 10, 0/63 HPs)
             Began as a Gargoyle Fighter on Dec 3, 2022.
             Was an Elder of Okawaru.
             Slain by a slime creature (12 damage)
             ... on level 8 of the Dungeon.
             The game lasted 00:18:52 (11000 turns).

bande the Cleaver (Gargoyle Fighter)               Turns: 11000, Time: 00:18:53

Health: 0/63       AC: 26    Str: 19    XL:     10   Next: 95%
Magic:  0/14       EV:  5    Int: 10    God:    Okawaru [****..]
Gold:   557        SH:  5    Dex: 13    Spells: 9/9 levels left

rFire   + . .      SeeInvis .    a - +1 war axe
rCold   . . .      Faith    .    c - +0 buckler
rNeg    + . .      Spirit   +    G - +0 plate armour
rPois   ∞          Reflect  .    (no helmet)
rElec   +          Harm     .    j - +1 cloak {rPois}
rCorr   .          Rampage  .    k - +0 pair of gloves
Will    .....                    p - +1 pair of boots
Stlth   ..........               F - amulet of guardian spirit
HPRegen 0.30/turn                u - ring of flight
MPRegen 0.14/turn                t - ring of protection from fire

@: flying
A: sickness immunity, AC +7, negative energy resistance 1, electricity
resistance, torment resistance 1, petrification resistance
a: Renounce Religion, Heroism, Finesse


You were on level 8 of the Dungeon.
You worshipped Okawaru.
Okawaru was greatly pleased with you.
You visited 2 branches of the dungeon, and saw 10 of its levels.

You collected 557 gold pieces.

Inventory:

Hand Weapons
 a - a +1 war axe (weapon)
 n - a +0 war axe
 y - a +0 flail of draining
Missiles
 q - a throwing net (quivered)
Armour
 c - a +0 buckler (worn)
 j - a +1 cloak of poison resistance (worn)
 k - a +0 pair of gloves (worn)
 p - a +1 pair of boots (worn)
 B - a +0 hat
 G - a +0 plate armour (worn)
Jewellery
 i - a +6 ring of intelligence
 t - a ring of protection from fire (right hand)
 u - a ring of flight (left hand)
 F - an amulet of guardian spirit (around neck)
Wands
 b - a wand of flame (15)
 e - a wand of roots (19)
 r - a wand of light (15)
 w - a wand of polymorph (16)
 z - a wand of mindburst (8)
Scrolls
 f - 4 scrolls of identify
 l - 2 scrolls of silence
 s - a scroll of fear
 A - a scroll of teleportation
 D - a scroll of enchant armour
Potions
 d - a potion of might
 g - a potion of heal wounds
 h - a potion of brilliance
 m - 3 potions of flight
 v - 5 potions of haste
 x - a potion of mutation
 C - a potion of resistance
 E - a potion of curing


   Skills:
 + Level 7.0 Fighting
 + Level 9.4 Axes
 + Level 7.4 Armour
 - Level 0.1 Dodging
 + Level 6.1 Shields
 * Level 5.8 Invocations
 * Level 5.7 Evocations


You had 9 spell levels left.
You didn't know any spells.
Your spell library contained the following spells:

 Spells                   Type           Power      Damage    Failure   Level
 Sting                    Tmut/Pois      0%         1d3       100%        1
 Ensorcelled Hibernation  Hex/Ice        0%         N/A       100%        2
 Passwall                 Tmut/Erth      0%         N/A       100%        2
 Scorch                   Fire           0%         2d5       100%        2
 Frozen Ramparts          Ice            0%         1d1       100%        3
 Hailstorm                Conj/Ice       0%         3d3       100%        3
 Ignite Poison            Fire/Tmut/Pois 0%         N/A       100%        3
 Spider Form              Tmut/Pois      0%         N/A       100%        3
 Swiftness                Air            0%         N/A       100%        3
 Anguish                  Hex/Necr       0%         N/A       100%        4
 Flame Wave               Conj/Fire      0%         2d4       100%        4
 Sticky Flame             Conj/Fire      0%         2d3       100%        4
 Ignition                 Fire           0%         3d3       100%        8
 Summon Cactus Giant      Summ           Unusable   N/A       N/A         6

Dungeon Overview and Level Annotations

Branches:
Dungeon (9/15)             Temple (1/1) D:5
   Lair: D:8-11         Orc: D:9-12

Altars:
Ashenzari
Cheibriados
Dithmenos
Elyvilon
Fedhas
Gozag
Hepliaklqana
Makhleb
Nemelex Xobeh
Okawaru
Qazlal
Ru
Sif Muna
Trog
Vehumet
Wu Jian
Xom
Yredelemnul
Zin
The Shining One

Shops:
D:9 =[


Innate Abilities, Weirdness & Mutations

You are immune to sickness and miasma.
Your stone body is resilient. (AC +7)
You are immune to poison.
You resist negative energy. (rN+)
You are resistant to electric shocks. (rElec)
You are resistant to unholy torment.
You are immune to petrification.


Message History

You hit the slime creature. x2; You slash the slime creature!
The slime creature hits you but does no damage. x3
The slime creature hits you.
Unknown command.
You slash the slime creature!
The slime creature is heavily wounded.
You hit the slime creature but do no damage.
You barely miss the slime creature.
You hit the slime creature but do no damage.
The slime creature hits you!
* * * LOW HITPOINT WARNING * * *
You block the slime creature's attack. x2; The slime creature hits you.
* * * LOW HITPOINT WARNING * * *
The slime creature closely misses you. The slime creature barely misses you.
You hit the slime creature but do no damage.
The slime creature is heavily wounded.
You hit the slime creature. x3
The slime creature hits you but does no damage.
The slime creature barely misses you.
The slime creature hits you but does no damage.
You block the slime creature's attack.
Unknown command.
You feel much better.
The slime creature hits you but does no damage. x3
The slime creature hits you!
Unknown command.
You hit the slime creature.
The slime creature is heavily wounded.
You slash the slime creature! You hit the slime creature.
You slash the slime creature!
The slime creature hits you but does no damage. x3
The slime creature hits you.
* * * LOW HITPOINT WARNING * * *
You barely miss the slime creature.
The slime creature is heavily wounded.
You slash the slime creature! You barely miss the slime creature.
You slash the slime creature! The slime creature hits you.
* * * LOW HITPOINT WARNING * * *
The slime creature hits you!
You die...

#.# #.# #.# #.# #†#
#.# #.###.######
#.##.......#
#.##.......#
#.##.......#
#)##..[[...#
#####.##.J@J[..#
####.....##[JJ)...#
#...........[.....#
####.##.#######.#.####
.....##.# #.#.#
.######.# #.#.# ..##
##.# #.#.# ...# #..#
#.#.# ..## #.## #[#.#


You could see 4 slime creatures.

Vanquished Creatures
  A two-headed ogre (D:9)
  Grinder (D:5)
  2 slime creatures (D:8)
  Sigmund (D:4)
  6 yaks (D:8)
  A wyvern (D:8)
  3 steam dragons
  3 water moccasins
  2 orc warriors
  3 ice beasts
  2 sky beasts
  A black bear (D:7)
  An ogre (D:5)
  2 centaurs
  3 phantoms
  Blork the orc (D:4)
  2 kobold brigands
  A necrophage (D:5)
  A gnoll sergeant (D:9)
  2 bullfrogs
  A scorpion (D:5)
  10 wights
  3 killer bees (D:8)
  4 howler monkeys
  Crazy Yiuf (D:2)
  4 hounds
  5 orc priests
  A jelly (D:7)
  A gnoll bouda (D:7)
  2 iguanas
  Ijyb (D:3)
  6 orc wizards
  4 gnolls (D:9)
  5 adders
  A shadow imp (D:7)
  4 white imps
  An ufetubus (D:5)
  2 worms
  3 dart slugs
  41 orcs
  3 ball pythons (D:2)
  5 endoplasms
  2 giant cockroaches
  11 hobgoblins
  4 quokkas
  6 bats
  2 frilled lizards
  9 goblins
  18 kobolds
  A rat (D:3)
200 creatures vanquished.

Vanquished Creatures (others)
  A kobold (D:8)
1 creature vanquished.

Grand Total: 201 creatures vanquished

Notes
Turn   | Place    | Note
-------+----------+-------------------------------------------
     0 | D:1      | bande the Gargoyle Fighter began the quest for the Orb.
     0 | D:1      | Reached XP level 1. HP: 14/14 MP: 1/1
   201 | D:1      | Reached XP level 2. HP: 5/19 MP: 2/2
   815 | D:1      | Got the Quarto of Congealing Toxins
  1049 | D:2      | Reached skill level 2 in Axes
  1132 | D:2      | Reached XP level 3. HP: 22/23 MP: 3/3
  1311 | D:2      | Found a shadowy altar of Dithmenos.
  1386 | D:2      | Found a runed translucent door.
  1387 | D:2      | Noticed Crazy Yiuf
  1547 | D:2      | Reached XP level 4. HP: 28/29 MP: 4/4
  1937 | D:2      | Killed Crazy Yiuf
  2273 | D:3      | Reached skill level 3 in Axes
  2276 | D:3      | Reached XP level 5. HP: 33/33 MP: 5/5
  2529 | D:3      | Noticed Ijyb
  2543 | D:3      | Killed Ijyb
  2659 | D:3      | Found a radiant altar of Vehumet.
  2697 | D:3      | Reached skill level 1 in Evocations
  3045 | D:3      | Found a blossoming altar of Fedhas.
  3126 | D:4      | Noticed Sigmund
  3155 | D:4      | Killed Sigmund
  3156 | D:4      | Reached skill level 4 in Axes
  3156 | D:4      | Reached XP level 6. HP: 28/38 MP: 6/6
  3238 | D:4      | Noticed Blork the orc
  3248 | D:4      | Killed Blork the orc
  3249 | D:4      | Reached XP level 7. HP: 26/44 MP: 7/7
  3407 | D:4      | Found a burning altar of Makhleb.
  3426 | D:4      | Reached skill level 5 in Axes
  3604 | D:4      | Found a sparkling altar of Nemelex Xobeh.
  3986 | D:5      | Entered Level 5 of the Dungeon
  4045 | D:5      | Noticed Grinder
  4052 | D:5      | Paralysed by Grinder for 3 turns
  4065 | D:5      | Killed Grinder
  4066 | D:5      | Reached skill level 5 in Armour
  4066 | D:5      | Reached XP level 8. HP: 29/48 MP: 8/8
  4281 | D:5      | Found a staircase to the Ecumenical Temple.
  4294 | Temple   | Entered the Ecumenical Temple
  4339 | Temple   | Became a worshipper of Warmaster Okawaru
  4766 | D:5      | Found a stormy altar of Qazlal.
  4822 | D:5      | Reached skill level 5 in Fighting
  4846 | D:5      | Found a basalt altar of Yredelemnul.
  5064 | D:5      | Reached skill level 6 in Axes
  5064 | D:5      | Reached skill level 1 in Invocations
  5623 | D:6      | Reached * piety under Okawaru
  5951 | D:5      | Reached XP level 9. HP: 44/54 MP: 10/10
  6193 | D:6      | Reached skill level 7 in Axes
  6320 | D:6      | Found a glowing silver altar of Zin.
  6572 | D:7      | Reached ** piety under Okawaru
  6701 | D:7      | Reached skill level 5 in Shields
  7455 | D:7      | Identified the +1 cloak of a ziggurat {rPois rF++ SInv}
  7817 | D:8      | Reached skill level 8 in Axes
  7850 | D:8      | Reached *** piety under Okawaru
  7869 | D:8      | Reached XP level 10. HP: 60/60 MP: 13/13
  8250 | D:8      | Reached skill level 5 in Evocations
  9363 | D:9      | Noticed a two-headed ogre
  9376 | D:9      | Killed a two-headed ogre
  9377 | D:9      | Reached skill level 5 in Invocations
  9599 | D:9      | Found Vuurchyel's Jewellery Shop.
  9628 | D:9      | Reached skill level 9 in Axes
  9927 | D:8      | Reached **** piety under Okawaru
 10687 | D:9      | Found Rosunt's Antique Armour Shoppe.
 11000 | D:8      | Slain by a slime creature

Illustrated notes

Levels and vault maps discovered:
D:1:      dpeg_arrival_connections, layout_basic
D:2:      layout_loops_ring, basic_altar, uniq_crazy_yiuf_cottage
D:3:      minmay_evil_eye, layout_basic, mainiacjoe_overflow_surrounded_room,
          mainiacjoe_overflow_alcove_4, uniq_ijyb
D:4:      layout_cave_pools, lemuel_doored_altar, mainiacjoe_overflow_paths,
          uniq_sigmund, uniq_blork_the_orc
D:5:      layout_basic, nicolae_qazlal_general_emergency,
          mainiacjoe_overflow_small_starburst, minmay_temple_entry_slanted,
          hangedman_glass_teeth, uniq_grinder
D:6:      layout_rooms, general_overflow_altar,
          hangedman_abyss_or_decor_lesser_grid
D:7:      kennysheep_six_static_rooms, layout_loops_ring, minivault_10
D:8:      layout_loops_ring
D:9:      layout_irregular_city, serial_shops, shop, nicolae_take_the_stairs,
          shop, grunt_decor_one_mirror, nicolae_wooded_promenade
Temple:   cyrus_circular_temple

Skill      XL: |  1  2  3  4  5  6  7  8  9 10 |
---------------+-------------------------------+-----
Axes           | 2 3 4 5 6 8 9 |  9.4
Armour         | 4 5 6 7 |  7.4
Evocations     | 1 2 3 4 5 |  5.7
Fighting       | 4 5 6 7 |  7.0
Shields        | 4 5 6 |  6.1
Invocations    | 2 4 5 |  5.8
Dodging        | |  0.1

Action                   |  1- 3 |  4- 6 |  7- 9 | 10-12 || total
-------------------------+-------+-------+-------+-------++-------
Melee: War axe           |    92 |   111 |   364 |   243 ||   810
  Use: Scroll            |     8 |     3 |     8 |     1 ||    20
       Potion            |       |     1 |       |     1 ||     2
Armor: Scale mail        |    59 |    35 |       |       ||    94
       Chain mail        |       |    42 |   311 |   229 ||   582
       Plate armour      |       |       |       |    34 ||    34
Dodge: Dodged            |    49 |    49 |   163 |   121 ||   382
Block: Buckler           |    22 |    12 |   123 |    86 ||   243

Table legend: (Time is in decaauts)
 A = Elapsed time spent in this place.
 B = Non-inter-level travel time spent in this place.
 C = Inter-level travel time spent in this place.
 D = Time resting spent in this place.
 E = Time spent auto-exploring this place.
 F = Levels seen in this place.
 G = Mean time per level.
                   A        B        C        D        E       F      G
               +--------+--------+--------+--------+--------+-----+--------+
         Total |  11188 |  10834 |    354 |   3762 |   4924 |  10 | 1118.8 |
       Dungeon |  11123 |  10769 |    354 |   3762 |   4924 |   9 | 1235.9 |
        Temple |     64 |     64 |      0 |      0 |      0 |   1 |   64.0 |
               +--------+--------+--------+--------+--------+-----+--------+

Top non-repeatable levels by time:
     D:8: 2787 daAuts
     D:5: 2021 daAuts
     D:7: 1294 daAuts
     D:2: 1184 daAuts
     D:1: 1045 daAuts
     D:3: 989 daAuts
     D:4: 866 daAuts
     D:6: 473 daAuts
     D:9: 463 daAuts
  Temple: 64 daAuts
